 Dungeon Crawl Stone Soup version 0.24.0-13-gcf9b3192b9 (webtiles) character file.

Game seed: 2686012403409139980, levelgen mode: deterministic

1161 teukkam the Skirmisher (level 8, 0/69 HPs)
             Began as a Minotaur Fighter on Nov 8, 2019.
             Was an Elder of Makhleb.
             Slain by a steam dragon (1 damage)
             ... on level 6 of the Dungeon on Nov 9, 2019.
             The game lasted 00:17:09 (5444 turns).

teukkam the Skirmisher (Minotaur Fighter)           Turns: 5444, Time: 00:17:10

Health: 0/69       AC:  8    Str: 24    XL:     8   Next: 16%
Magic:  10/10      EV:  7    Int:  5    God:    Makhleb [****..]
Gold:   240        SH:  9    Dex:  9    Spells: 7/7 levels left

rFire    . . .     SeeInvis +   C - +0 war axe
rCold    . . .     Gourm    .   c - +0 shield
rNeg     . . .     Faith    .   y - +0 scale mail
rPois    .         Spirit   .   (helmet restricted)
rElec    .         Reflect  .   H - +0 cloak (curse)
rCorr    .         Harm     .   (no gloves)
MR       .....                  (no boots)
Stlth    ++........             z - amulet "Yrgheracw" {RegenMP Stlth+}
HPRegen  0.21/turn              E - ring of see invisible
MPRegen  0.37/turn              (no ring)

@: no status effects
A: retaliatory headbutt, horns 2
a: Minor Destruction, Lesser Servant of Makhleb, Major Destruction, Renounce
Religion


You were on level 6 of the Dungeon.
You worshipped Makhleb.
Makhleb was greatly pleased with you.
You were not hungry.

You visited 1 branch of the dungeon, and saw 6 of its levels.
You also visited: Ossuary.

You collected 240 gold pieces.

Inventory:

Hand Weapons
 a - a +2 dagger of venom
 b - a +0 hunting sling
 t - a +0 shortbow
 C - a +0 war axe (weapon)
Missiles
 j - 14 poisoned darts (quivered)
 m - 93 stones
 u - 116 arrows
 A - 5 boomerangs
Armour
 c - a +0 shield (worn)
 y - a +0 scale mail (worn)
 H - a cursed +0 cloak (worn)
Jewellery
 z - the amulet "Yrgheracw" (around neck) {RegenMP Stlth+}
   (You found it on level 4 of the Dungeon)

   [amulet of magic regeneration]

   It increases your magic regeneration.
   It makes you more stealthy.
 E - a ring of see invisible (left hand)
Scrolls
 e - 2 scrolls of teleportation
 h - a scroll of remove curse
 i - 2 scrolls of enchant armour {unknown}
 k - a scroll of fog {unknown}
 o - 3 scrolls of identify
 p - a scroll of random uselessness {unknown}
 q - a scroll of magic mapping {unknown}
 w - a scroll of enchant weapon {unknown}
 I - a scroll of amnesia {unknown}
Potions
 d - a potion of might
 g - 4 potions of lignification
 l - a potion of degeneration
 n - 3 potions of curing
 r - a potion of agility {unknown}
 s - 4 potions of brilliance
 v - 2 potions of flight {unknown}
 x - a potion of haste {unknown}
 B - 3 potions of invisibility {unknown}
 D - a potion of resistance {unknown}
 F - a potion of cancellation {unknown}
 G - a potion of mutation {unknown}
Comestibles
 f - 11 rations


   Skills:
 - Level 5.4 Fighting
 + Level 4.2 Short Blades
 - Level 4.4 Axes
 - Level 1.2 Slings
 - Level 5.3 Armour
 + Level 3.2 Stealth
 - Level 4.3 Shields
 + Level 4.5 Invocations


You had 7 spell levels left.
You didn't know any spells.
Your spell library was empty.

Dungeon Overview and Level Annotations

Branches:
Dungeon (6/15)             Temple (0/1) D:5         Ossuary (visited)

Altars:
Ashenzari
Elyvilon
Gozag
Kikubaaqudgha
Makhleb
Zin


Innate Abilities, Weirdness & Mutations

You reflexively headbutt those who attack you in melee.
You have a pair of horns on your head.


Message History

The steam dragon claws you but does no damage.
You barely miss the steam dragon.
The steam dragon is almost dead.
You barely miss the steam dragon.
The steam dragon bites you but does no damage.
The steam dragon claws you but does no damage.
The steam dragon breathes steam at you. The ball of steam hits you!
* * * LOW HITPOINT WARNING * * *
Okay, then.
You feel better.
You are engulfed in a cloud of scalding steam.
* * * LOW HITPOINT WARNING * * *
The steam dragon breathes steam at you. The ball of steam hits you.
* * * LOW HITPOINT WARNING * * *
The steam dragon bites you!
* * * LOW HITPOINT WARNING * * *
The steam dragon claws you.
You die...

# #.......# #≈ #.......#
#≈. #.......# #≈.####
#.......#
#≈.§..#####.......#
#≈§.†.#.##.......## ##
#≈.!DD...#........# #.
#§≈..@#...........# #.
##§§.#######'###### #.
#################.#### #.
#...............#....#####.
#.############.##.......[..
#.# #.....#.##.##..#.###
#.# #.###.#.##.#...#.# #.#
#.#...#.##.......# #[#
#.#.###.##.#.....###


You could see 2 steam dragons.

Vanquished Creatures
  Eustachio (D:6)
  A centaur (D:2)
  3 water moccasin zombies (Ossuary)
  A scorpion (D:5)
  A centaur zombie (D:6)
  A hound (D:4)
  An orc priest (D:5)
  3 orc wizards (D:4)
  Jessica (D:2)
  Natasha (twice) (D:3)
  4 big kobold zombies (Ossuary)
  2 mummies (Ossuary)
  6 adders
  5 adder zombies (Ossuary)
  An adder skeleton (D:4)
  3 worms
  A dart slug (D:2)
  4 leopard geckos
  11 orcs
  A ball python (D:3)
  3 giant cockroaches
  9 hobgoblins
  7 jackals
  2 quokkas
  9 bats
  8 frilled lizards
  3 gnoll zombies (Ossuary)
  4 goblins
  6 hobgoblin zombies (Ossuary)
  A jackal skeleton (D:4)
  4 kobolds
  6 kobold zombies (Ossuary)
  A leopard gecko skeleton (D:4)
  3 orc zombies (Ossuary)
  2 quokka skeletons
  7 rats
128 creatures vanquished.

Vanquished Creatures (collateral kills)
  A steam dragon (D:6)
  An ogre (D:5)
  A hound (D:5)
  3 orc wizards (D:5)
  2 orcs (D:5)
8 creatures vanquished.

Grand Total: 136 creatures vanquished

Notes
Turn   | Place    | Note
-------+----------+-------------------------------------------
     0 | D:1      | teukkam the Minotaur Fighter began the quest for the Orb.
     0 | D:1      | Reached XP level 1. HP: 19/19 MP: 0/0
   176 | D:2      | Found a faded altar of an unknown god.
   185 | D:2      | Reached XP level 2. HP: 27/27 MP: 1/1
   227 | D:2      | Became a worshipper of Makhleb the Destroyer
   227 | D:2      | Reached * piety under Makhleb
   792 | D:2      | Reached XP level 3. HP: 25/33 MP: 2/2
   962 | D:2      | Found a shattered altar of Ashenzari.
  1044 | D:2      | Noticed Jessica
  1049 | D:2      | Killed Jessica
  1049 | D:2      | Reached XP level 4. HP: 41/41 MP: 3/3
  1057 | D:2      | Reached ** piety under Makhleb
  1356 | D:2      | Noticed a centaur
  1363 | D:2      | Killed a centaur
  1363 | D:2      | Reached skill level 1 in Invocations
  1363 | D:2      | Reached XP level 5. HP: 46/47 MP: 4/4
  1963 | D:3      | Noticed Natasha
  1966 | D:3      | Killed Natasha
  1966 | D:3      | Reached skill level 5 in Fighting
  2263 | D:3      | Found a white marble altar of Elyvilon.
  2272 | D:3      | Noticed Natasha
  2288 | D:3      | Killed Natasha
  2288 | D:3      | Reached skill level 5 in Armour
  2440 | D:3      | Found a glowing silver altar of Zin.
  2796 | D:4      | Found an opulent altar of Gozag.
  2840 | D:4      | Reached XP level 6. HP: 42/56 MP: 6/6
  3228 | D:4      | Reached skill level 1 in Slings
  3635 | D:4      | Got a steaming brass amulet
  3642 | D:4      | Identified the amulet "Yrgheracw" {RegenMP Stlth+} (You
                  | found it on level 4 of the Dungeon)
  3718 | D:4      | Found an ancient bone altar of Kikubaaqudgha.
  3751 | D:5      | Entered Level 5 of the Dungeon
  3772 | D:5      | Reached skill level 1 in Short Blades
  3801 | D:5      | Reached *** piety under Makhleb
  3811 | D:5      | Reached XP level 7. HP: 47/61 MP: 8/8
  3814 | D:5      | Reached skill level 1 in Stealth
  3920 | D:5      | Found a staircase to the Ecumenical Temple.
  4806 | D:6      | Noticed Eustachio
  4825 | D:6      | Killed Eustachio
  4855 | D:6      | Found a sand-covered staircase.
  4868 | Ossuary  | Entered an ossuary
  5152 | Ossuary  | Reached XP level 8. HP: 44/69 MP: 10/10
  5245 | Ossuary  | Reached **** piety under Makhleb
  5444 | D:6      | HP: 1/69 [steam dragon (9)]
  5444 | D:6      | Slain by a steam dragon

Levels and vault maps discovered:
D:1:      mrwooster_arrival_statue_2, layout_basic
D:2:      layout_loops_ring, evilmike_ruin_ashenzari, serial_bayou,
          serial_bayou_shore_b, serial_bayou_shore_b, serial_bayou_pond_e,
          serial_bayou_lagoon_a, serial_bayou_crossing, serial_bayou_pond_a,
          chequers_ecumenical_altar_island, minmay_pentomino_x2, uniq_jessica
D:3:      layout_loops_corners, nicolae_overflow_crystal_walls,
          elyvilon_altar_5, minmay_close_crescents, uniq_natasha
D:4:      layout_basic, nicolae_gozag_cash_rules_everything_around_me,
          kennysheep_little_box, first_ration, kennysheep_potato
D:5:      layout_layer_cave, minmay_temple_entry_stoned_glass,
          minmay_statues_item
D:6:      cheibrodos_steamvent, layout_basic, old_standard_altar,
          biasface_ghost_orc_armoury, nicolae_ossuary_entry_ruins,
          uniq_menkaure, uniq_grinder, uniq_eustachio

Skill      XL: |  1  2  3  4  5  6  7  8 |
---------------+-------------------------+-----
Fighting       | 4 5 |  5.4
Shields        | 4 |  4.3
Axes           | 3 4 |  4.4
Armour         | 4 5 |  5.3
Invocations    | 1 2 4 |  4.5
Slings         | 1 |  1.2
Short Blades   | 1 3 4 |  4.2
Stealth        | 2 3 |  3.2

Action                   |  1- 3 |  4- 6 |  7- 9 || total
-------------------------+-------+-------+-------++-------
Melee: War axe           |    90 |   106 |    86 ||   282
       Headbutt          |    12 |    19 |    31 ||    62
       Dagger            |       |    40 |    69 ||   109
 Fire: Hunting sling     |       |    16 |     6 ||    22
Throw: Dart              |     1 |     1 |       ||     2
Invok: Minor Destruction |       |    12 |     1 ||    13
       Lesser Servant of |       |     1 |     1 ||     2
  Use: Scroll            |     2 |     1 |     1 ||     4
       Potion            |       |     4 |     1 ||     5
  Eat: Chunk             |     1 |     4 |     2 ||     7
       Ration            |       |     2 |     1 ||     3
Armor: Scale mail        |    40 |    60 |    82 ||   182
Dodge: Dodged            |    24 |    35 |    35 ||    94
Block: Shield            |    47 |    83 |    67 ||   197
